 Dungeon Crawl Stone Soup version 0.25-a0-10-g2fe12d4386 (webtiles) character file.

Game seed: 15419019935206961640, levelgen mode: deterministic

1911 MrRokkomies the Carver (level 8, 0/53 HPs)
             Began as a Vampire Gladiator on Oct 15, 2019.
             Slain by a killer bee (7 damage)
             ... on level 7 of the Dungeon.
             The game lasted 00:10:32 (5232 turns).

MrRokkomies the Carver (Vampire Gladiator)          Turns: 5232, Time: 00:10:32

Health: 0/53       AC:  9    Str: 14    XL:     8   Next: 95%
Magic:  8/8        EV: 10    Int: 12    God:
Gold:   216        SH:  2    Dex: 15    Spells: 4/7 levels left

rFire    . . .     SeeInvis +   a - +0 great sword
rCold    + + .     Gourm    .   (shield currently unavailable)
rNeg     + + +     Faith    .   k - +0 scale mail
rPois    ∞         Spirit   .   c - +0 helmet
rElec    .         Reflect  +   g - +0 cloak
rCorr    .         Harm     .   m - +0 pair of gloves
MR       .....                  (no boots)
Stlth    ++++......             u - +2 amulet of reflection
HPRegen  0.00/turn              (no ring)
MPRegen  0.11/turn              (no ring)

@: bloodless, regenerating quickly
A: no food, fangs 3, see invisible, unbreathing
a: Bat Form, Revivify


You were on level 7 of the Dungeon.
You were bloodless.

You visited 1 branch of the dungeon, and saw 7 of its levels.

You collected 216 gold pieces.

Inventory:

Hand Weapons
 a - a +0 great sword (weapon)
 v - a +0 long sword
 A - the +2 dagger of Exquisite Torment {flame, MP+9 Int+3}
   (You found it on level 6 of the Dungeon)

   It has been specially enchanted to burn those struck by it, causing extra
   injury to most foes and up to half again as much damage against particularly
   susceptible opponents.
   It affects your intelligence (+3).
   It affects your magic capacity (+9).
Missiles
 d - a throwing net
 n - 12 boomerangs (quivered)
 o - 11 poisoned darts
Armour
 c - a +0 helmet (worn)
 g - a +0 cloak (worn)
 k - a +0 scale mail (worn)
 m - a +0 pair of gloves (worn)
Jewellery
 u - a +2 amulet of reflection (around neck)
Wands
 r - a wand of disintegration (15)
 w - a wand of flame (21)
Scrolls
 f - 2 scrolls of remove curse {unknown}
 i - 2 scrolls of teleportation
 x - a scroll of fear
 y - 2 scrolls of magic mapping {unknown}
 z - a scroll of immolation {unknown}
Potions
 e - 3 potions of lignification
 h - a potion of resistance {unknown}
 j - a potion of haste {unknown}
 l - 2 potions of degeneration {unknown}
 p - a potion of ambrosia {unknown}
 q - 2 potions of mutation {unknown}
 s - 2 potions of flight
 t - a potion of magic {unknown}


   Skills:
 - Level 7.2 Fighting
 * Level 8.4 Long Blades
 - Level 1.5 Throwing
 - Level 3.2 Dodging
 - Level 5.2 Stealth
 * Level 1.0 Summonings


You had 4 spell levels left.
You knew the following spells:

 Your Spells              Type           Power        Failure   Level  Hunger
a - Call Canine Familiar  Summ           #.......     96%         3    N/A

Your spell library contained the following spells:

 Spells                   Type           Power        Failure   Level  Hunger
 Summon Small Mammal      Summ           #...         69%         1    N/A
 Call Imp                 Summ           #.......     83%         2    N/A
 Summon Guardian Golem    Hex/Summ       #.......     98%         3    N/A
 Summon Ice Beast         Ice/Summ       #.......     100%        4    N/A
 Summon Lightning Spire   Summ/Air       #.......     100%        4    N/A

Dungeon Overview and Level Annotations

Branches:
Dungeon (7/15)
 Temple: D:4-7

Altars:

Annotations:
D:4 Pikel


Innate Abilities, Weirdness & Mutations

You do not eat.
You do not regenerate when monsters are visible.
You are frail without blood (-20% HP).
You can heal yourself when you bite living creatures.
You are immune to poison.
You have razor-sharp teeth.
You have supernaturally acute eyesight. (SInv)
You can survive without breathing.


Message History

The killer bee is heavily wounded.
You block the killer bee's attack.
Your scale mail prevents you from hitting the killer bee.
The killer bee is heavily wounded.
You kill the leopard gecko!
You block the killer bee's attack.
The killer bee stings you but does no damage.
The killer bee closely misses you.
You riposte.
You miss the killer bee.
The killer bee is heavily wounded.
You barely miss the killer bee.
The killer bee is heavily wounded.
The killer bee stings you.
* * * LOW HITPOINT WARNING * * *
The killer bee stings you.
* * * LOW HITPOINT WARNING * * *
You miss the killer bee.
The killer bee is severely wounded.
The killer bee stings you but does no damage.
The killer bee stings you!
You die...

####### #.....######
#.....#....####
...#.#####.....#....##..
($..((y@.'.|...'....''..
<#.#.#####.....#%...##..
#.....#....##.#
#.....#....##.#
#######....##.#
#....##.# #....##.#
#....##.# #....##.#


You could see a killer bee.

Vanquished Creatures
  A centaur skeleton (D:7)
  Grinder (D:4)
  A water moccasin (D:5)
  An orc warrior (D:6)
  A sky beast (D:5)
  2 ogres
  A centaur (D:6)
  A bullfrog (D:6)
  2 scorpions (D:6)
  2 killer bees (D:7)
  2 howler monkeys
  A bullfrog zombie (D:6)
  2 hounds
  An orc priest (D:5)
  2 orc wizards (D:6)
  5 worker ants
  Terence (D:2)
  2 killer bee zombies
  A hound zombie (D:5)
  A gnoll (D:1)
  4 adders
  2 oozes (D:6)
  3 adder skeletons
  3 worms
  2 dart slugs
  A leopard gecko (D:7)
  23 orcs
  2 ball pythons
  5 giant cockroaches
  10 goblins
  4 hobgoblins
  10 jackals
  A quokka (D:2)
  11 bats
  3 frilled lizards
  7 kobolds
  A leopard gecko skeleton (D:5)
  A quokka skeleton (D:5)
  A rat (D:1)
125 creatures vanquished.

Notes
Turn   | Place    | Note
-------+----------+-------------------------------------------
     0 | D:1      | MrRokkomies the Vampire Gladiator began the quest for the
                  | Orb.
     0 | D:1      | Reached XP level 1. HP: 16/16 MP: 1/1
   101 | D:1      | Reached skill level 1 in Stealth
   101 | D:1      | Reached XP level 2. HP: 22/22 MP: 2/2
   542 | D:1      | Reached XP level 3. HP: 28/28 MP: 3/3
  1086 | D:2      | Noticed Terence
  1093 | D:2      | Killed Terence
  1093 | D:2      | Reached skill level 4 in Long Blades
  1093 | D:2      | Reached XP level 4. HP: 16/27 MP: 4/4
  2523 | D:4      | Reached XP level 5. HP: 23/32 MP: 5/5
  2544 | D:4      | Noticed Grinder
  2569 | D:4      | Paralysed by Grinder for 7 turns
  2578 | D:4      | Paralysed by Grinder for 2 turns
  2583 | D:4      | HP: 1/32 [Grinder (4)]
  2584 | D:4      | Killed Grinder
  2584 | D:4      | Reached skill level 5 in Long Blades
  2584 | D:4      | Reached XP level 6. HP: 1/38 MP: 6/6
  3148 | D:4      | Noticed a slave
  3250 | D:4      | Noticed a slave
  3250 | D:4      | Noticed a slave
  3258 | D:4      | Noticed a slave
  3258 | D:4      | Noticed Pikel
  3270 | D:5      | Entered Level 5 of the Dungeon
  3350 | D:5      | Reached XP level 7. HP: 20/44 MP: 7/7
  3683 | D:5      | Reached skill level 5 in Stealth
  3698 | D:5      | Reached skill level 5 in Fighting
  3698 | D:5      | Reached skill level 6 in Long Blades
  4271 | D:6      | Reached XP level 8. HP: 51/51 MP: 8/8
  4296 | D:6      | Reached skill level 7 in Long Blades
  4609 | D:6      | Noticed a brown ugly thing
  4847 | D:6      | Got a shimmering dagger
  4848 | D:6      | Identified the +2 dagger of Exquisite Torment {flame, MP+9
                  | Int+3} (You found it on level 6 of the Dungeon)
  5137 | D:7      | Reached skill level 8 in Long Blades
  5161 | D:7      | Learned a level 3 spell: Call Canine Familiar
  5224 | D:7      | Reached skill level 1 in Summonings
  5232 | D:7      | Slain by a killer bee

Levels and vault maps discovered:
D:1:      minmay_arrival_stone_box, layout_basic, minmay_pentomino_z2
D:2:      layout_loops_ring, uniq_terence
D:3:      layout_basic, first_ration
D:4:      layout_loops_ring, dk_vineyard_2, uniq_eustachio, uniq_pikel,
          uniq_grinder
D:5:      layout_cave_pools, lightli_corner_chamber
D:6:      layout_loops_ring, minmay_microvault
D:7:      layout_basic, minmay_temple_entry_poolview, uniq_duvessa, uniq_joseph,
          uniq_crazy_yiuf_cottage

Skill      XL: |  1  2  3  4  5  6  7  8 |
---------------+-------------------------+-----
Fighting       | 2 3 4 5 7 |  7.2
Stealth        | 1 2 3 4 5 |  5.2
Long Blades    | 4 5 6 8 |  8.4
Summonings     | 1 |  1.0
Throwing       | |  1.5
Dodging        | |  3.2

Action                   |  1- 3 |  4- 6 |  7- 9 || total
-------------------------+-------+-------+-------++-------
Melee: Long sword        |    71 |   143 |    79 ||   293
       Bite              |    10 |    19 |    19 ||    48
       Great sword       |       |       |    86 ||    86
Throw: Throwing net      |     2 |     3 |       ||     5
       Boomerang         |       |       |     8 ||     8
       Dart              |       |       |    20 ||    20
 Abil: Exsanguinate      |     1 |       |       ||     1
  Use: Scroll            |     3 |     3 |     1 ||     7
       Potion            |       |     3 |     4 ||     7
 Stab: Sleeping          |     5 |     7 |    11 ||    23
       Distracted        |     1 |     2 |     2 ||     5
       Held in net/web   |     1 |     1 |       ||     2
Armor: Leather armour    |    31 |       |       ||    31
       Scale mail        |     1 |    60 |    81 ||   142
Dodge: Dodged            |    57 |    74 |    94 ||   225
Block: Other             |       |       |     7 ||     7
       Rpst.: Long sword |    20 |    21 |    13 ||    54
       Great sword       |       |       |    22 ||    22

Table legend:
 A = Non-vault XP
 B = Vault XP
 C = Vault XP percentage of total XP
 D = Non-vault monster count
 E = Vault monster count
 F = Vault count percentage of total count
                 A         B        C        D         E       F
            +---------+---------+-------+---------+---------+-------
      Total |    2387 |     344 |  12.6 |     121 |       4 |   3.2
            +---------+---------+-------+---------+---------+-------
        D:1 |      46 |      17 |  27.0 |      26 |       2 |   7.1
        D:2 |      51 |      32 |  38.6 |      19 |       1 |   5.0
        D:3 |      39 |       0 |   0.0 |      13 |       0 |   0.0
        D:4 |     165 |     295 |  64.1 |       6 |       1 |  14.3
        D:5 |     534 |       0 |   0.0 |      22 |       0 |   0.0
        D:6 |     910 |       0 |   0.0 |      27 |       0 |   0.0
        D:7 |     642 |       0 |   0.0 |       8 |       0 |   0.0
            +---------+---------+-------+---------+---------+-------
